 Dungeon Crawl Stone Soup version 0.30.0-15-g856e2d3f33 (webtiles) character file.

Game seed: 4726944171412465303

712145 SnakkuSnakku7 the Ruinous (level 27, -6/245 HPs)
             Began as a Mummy Reaver on May 18, 2023.
             Was a High Priest of Ashenzari.
             Mangled by an Executioner (7 damage)
             ... on level 26 of a ziggurat on May 19, 2023.
             The game lasted 02:41:14 (63730 turns).

SnakkuSnakku7 the Ruinous (Mummy Reaver)           Turns: 63730, Time: 02:41:14

Health: -6/245     AC: 35    Str: 18    XL:     27
Magic:  2/63       EV: 19    Int: 41    God:    Ashenzari [*****.]
Gold:   6756       SH: 11    Dex: 16    Spells: 7/80 levels left

rFire   + + .        a - staff of fire of Ashenzari's Pantheism (curse) {rElec rF+ rC+ Int+3, Elem, Self} (curse)
rCold   + . .        j - +2 buckler "Doubts of Ashenzari" {MP+9 Str+3 Int+4 Dex+3, Elem, Cun} (curse)
rNeg    + + +        K - +7 fire dragon scales of Toth-Mos's Legacy {rF++ rC-, Elem, Fort} (curse)
rPois   ∞            i - +2 helmet of Toth-Mos's Legacy {Int+3, Self, Melee} (curse)
rElec   +            e - +2 cloak of the Soothsayer {Self, Cun} (curse)
rCorr   .            l - +2 pair of gloves of Supernal Knowledge {Self, Bglg} (curse)
SInv    +            b - +2 pair of boots "Tethered With Me" {Elem, Evo} (curse)
Will    +++..        d - amulet "Ichuguy" {RegenMP Int+2} Stlth
                     h - ring of Apeoromancy {EV+5, Elem, Bglg} (curse)
HPRegen 0.60/turn    A - ring "Circumscribed Suspicion" {Int+5 SInv, Self, Melee} (curse)
MPRegen 0.78/turn

%: clarity, faith
@: about to teleport, weakened, studying 4 skills
A: cold resistance 1, negative energy resistance 3, torment resistance 2, heat
vulnerability 1, in touch with death 2, no potions, faith
}: 4/15 runes: decaying, slimy, silver, gossamer
a: Renounce Religion, Shatter the Chains


You were on level 26 of a ziggurat.
You worshipped Ashenzari.
Ashenzari was extremely pleased with you.
You visited 10 branches of the dungeon, and saw 50 of its levels.
You visited 1 ziggurat, and saw 26 of its levels.
You also visited: Ossuary, Bailey, Ice Cave and Wizlab.

You collected 8878 gold pieces.
You spent 2122 gold pieces at shops.

Inventory:

Hand Weapons
 E - the +6 Majin-Bo {spellvamp, MP+6 Int+6}
   (You acquired it on level 5 of the Vaults)

   Int:       It affects your intelligence (+6).
   MP:        It affects your magic capacity (+6).
Missiles
 C - 7 throwing nets
Armour
 b - the cursed +2 pair of boots "Tethered With Me" (worn) {Elem, Evo}
   (You found it on level 5 of the Dungeon)

   It has a curse which improves the following skills: Elements: Fire Magic, Ice
   Magic, Air Magic and Earth Magic.
   Evocations: Evocations.
 e - the cursed +2 cloak of the Soothsayer (worn) {Self, Cun}
   (You found it on level 1 of the Dungeon)

   It has a curse which improves the following skills: Introspection: Fighting
   and Spellcasting.
   Cunning:   Dodging and Stealth.
 i - the cursed +2 helmet of Toth-Mos's Legacy (worn) {Int+3, Self, Melee}
   (You found it on level 3 of the Spider Nest)

   It has a curse which improves the following skills: Introspection: Fighting
   and Spellcasting.
   Melee Combat: Short Blades, Long Blades, Axes, Maces & Flails, Polearms,
   Staves and Unarmed Combat.
 j - the cursed +2 buckler "Doubts of Ashenzari" (worn) {MP+9 Str+3 Int+4 Dex+3, Elem, Cun}
   (You acquired it on level 5 of the Dungeon)

   Str:       It affects your strength (+3).
   Int:       It affects your intelligence (+4).
   Dex:       It affects your dexterity (+3).
   MP:        It affects your magic capacity (+9).
   It has a curse which improves the following skills: Elements: Fire Magic, Ice
   Magic, Air Magic and Earth Magic.
   Cunning:   Dodging and Stealth.
 l - the cursed +2 pair of gloves of Supernal Knowledge (worn) {Self, Bglg}
   (You found it on level 3 of the Dungeon)

   It has a curse which improves the following skills: Introspection: Fighting
   and Spellcasting.
   Beguiling: Conjurations, Hexes and Translocations.
 K - the cursed +7 fire dragon scales of Toth-Mos's Legacy (worn) {rF++ rC-, Elem, Fort}
   (You found it on level 14 of the Dungeon)

   rF:        It greatly protects you from fire.
   rC:        It makes you vulnerable to cold.
   It has a curse which improves the following skills: Elements: Fire Magic, Ice
   Magic, Air Magic and Earth Magic.
   Fortitude: Armour and Shields.
Magical Staves
 a - the cursed staff of fire of Ashenzari's Pantheism (weapon) {rElec rF+ rC+ Int+3, Elem, Self}
   (You found it on level 5 of the Vaults)

   [staff of fire]

   Base accuracy: +5 Base damage: 5 Base attack delay: 1.2 This weapon's minimum
   attack delay (0.6) is reached at skill level 12.
   Int:       It affects your intelligence (+3).
   rF:        It protects you from fire.
   rC:        It protects you from cold.
   rElec:     It insulates you from electricity.
   It falls into the 'Staves' category.
   It is a one-handed weapon.
   It has a curse which improves the following skills: Elements: Fire Magic, Ice
   Magic, Air Magic and Earth Magic.
   Introspection: Fighting and Spellcasting.
 s - a staff of poison
 u - a staff of earth
 H - a staff of fire
Jewellery
 d - the amulet "Ichuguy" (around neck) {RegenMP Int+2}
   (You found it on level 23 of a ziggurat)

   [amulet of magic regeneration]

   It increases your rate of magic regeneration.
   Int:       It affects your intelligence (+2).
 h - the cursed ring of Apeoromancy (left hand) {EV+5, Elem, Bglg}
   (You found it on level 5 of the Lair of Beasts)

   [ring of evasion]

   EV:        It affects your evasion (+5).
   It has a curse which improves the following skills: Elements: Fire Magic, Ice
   Magic, Air Magic and Earth Magic.
   Beguiling: Conjurations, Hexes and Translocations.
 m - the ring of Zeecayr {AC+4 Dex+2}
   (You found it on level 23 of a ziggurat)

   [ring of protection]

   AC:        It affects your AC (+4).
   Dex:       It affects your dexterity (+2).
 A - the cursed ring "Circumscribed Suspicion" (right hand) {Int+5 SInv, Self, Melee}
   (You found it on level 9 of the Dungeon)

   [ring of see invisible]

   Int:       It affects your intelligence (+5).
   SInv:      It lets you see invisible.
   It has a curse which improves the following skills: Introspection: Fighting
   and Spellcasting.
   Melee Combat: Short Blades, Long Blades, Axes, Maces & Flails, Polearms,
   Staves and Unarmed Combat.
 G - the ring of Teghy {rElec Will+ Int+6}
   (You found it on level 7 of a ziggurat)

   [ring of intelligence]

   Int:       It affects your intelligence (+6).
   rElec:     It insulates you from electricity.
   Will:      It increases your willpower.
 I - a ring of protection from cold
 N - the ring "Heluh" {rElec rF+ Will+ Str+6}
   (You found it on level 5 of the Pits of Slime)

   [ring of strength]

   Str:       It affects your strength (+6).
   rF:        It protects you from fire.
   rElec:     It insulates you from electricity.
   Will:      It increases your willpower.
 P - the ring "Ymicaif" {Fire Int+4}
   (You found it on level 7 of a ziggurat)

   [ring of fire]

   It enhances your fire magic.
   Int:       It affects your intelligence (+4).
   rF:        It protects you from fire.
   rC:        It makes you vulnerable to cold.
Wands
 n - a wand of paralysis (93)
 t - a wand of polymorph (53)
 w - a wand of iceblast (78)
 y - a wand of flame (201)
 J - a wand of quicksilver (66)
 L - a wand of mindburst (45)
 M - a wand of digging (29)
Scrolls
 c - 3 scrolls of torment
 f - 11 scrolls of vulnerability
 k - 29 scrolls of teleportation
 o - 5 scrolls of enchant armour
 p - 13 scrolls of fog
 q - 5 scrolls of poison
 r - 4 scrolls of amnesia
 v - 19 scrolls of magic mapping
 x - 8 scrolls of fear
 O - 8 scrolls of silence
Miscellaneous
 F - a phantom mirror (inert)


   Skills:
 - Level 20.7(26.2) Fighting
 - Level 4.4(7.9) Maces & Flails
 - Level 4.1(7.6) Staves
 + Level 13.2(15.3) Armour
 - Level 7.2(10.4) Dodging
 - Level 14.9(17.0) Shields
 - Level 21.6(27) Spellcasting
 - Level 23.8(26.5) Conjurations
 - Level 3.0 Necromancy
 - Level 1.6(3.8) Translocations
 - Level 19.7(25.2) Fire Magic
 - Level 15.9(21.7) Ice Magic
 - Level 7.8(13.5) Air Magic
 - Level 7.7(13.4) Earth Magic
 - Level 5.1(7.2) Evocations


You had 7 spell levels left.
You knew the following spells:

 Your Spells              Type           Power      Damage    Failure   Level
a - Fire Storm            Conj/Fire      79%        8d20      1%          9
b - Starburst             Conj/Fire      79%        6d20      0%          6
c - Lehudib's Crystal Sp  Conj/Erth      60%        10d14     1%          8
d - Polar Vortex          Ice            62%        N/A       12%         9
e - Plasma Beam           Fire/Air       72%        2x1d97    1%          6
f - Fireball              Conj/Fire      79%        3d29      0%          5
g - Lee's Rapid Deconstr  Erth           52%        3d25*     1%          5
h - Maxwell's Capacitive  Air            52%        ∞         22%         8
i - Chain Lightning       Conj/Air       60%        3d80      22%         9
z - Ignition              Fire           78%        3d20      1%          8

Your spell library contained the following spells:

 Spells                   Type           Power      Damage    Failure   Level
 Foxfire                  Conj/Fire      100%       2x1d9     0%          1
 Freeze                   Ice            100%       1d10      0%          1
 Kiss of Death            Conj/Necr      100%       2d13      0%          1
 Magic Dart               Conj           100%       1d8       0%          1
 Sandblast                Erth           100%       2d20      0%          1
 Shock                    Conj/Air       100%       1d9       0%          1
 Ensorcelled Hibernation  Hex/Ice        100%       N/A       0%          2
 Momentum Strike          Conj/Tloc      100%       3d10      0%          2
 Scorch                   Fire           100%       2d9       0%          2
 Searing Ray              Conj           100%       2d8       0%          2
 Static Discharge         Conj/Air       100%       2-7/arc   0%          2
 Dazzling Flash           Conj/Hex       100%       N/A       0%          3
 Frozen Ramparts          Ice            100%       1d16      0%          3
 Hailstorm                Conj/Ice       100%       3d20      0%          3
 Inner Flame              Hex/Fire       100%       N/A       0%          3
 Mephitic Cloud           Conj/Pois/Air  100%       N/A       0%          3
 Ozocubu's Armour         Ice            100%       N/A       0%          3
 Stone Arrow              Conj/Erth      100%       3d13      0%          3
 Swiftness                Air            100%       N/A       0%          3
 Volatile Blastmotes      Fire/Tloc      100%       2d18      0%          3
 Flame Wave               Conj/Fire      100%       2d21      0%          4
 Iskenderun's Mystic Bla  Conj/Tloc      100%       2d19      0%          4
 Sticky Flame             Conj/Fire      100%       2d11      0%          4
 Arcjolt                  Conj/Air       60%        1d70      0%          5
 Freezing Cloud           Conj/Ice/Air   61%        6-21      0%          5
 Iskenderun's Battlesphe  Conj           100%       2d15      0%          5
 Orb of Destruction       Conj           67%        9d16      0%          7
 Apportation              Tloc           100%       N/A       1%          1
 Necrotise                Necr           100%       1d9       1%          1
 Slow                     Hex            100%       N/A       1%          1
 Sting                    Tmut/Pois      100%       1d8       1%          1
 Summon Small Mammal      Summ           100%       N/A       1%          1
 Blink                    Tloc           100%       N/A       1%          2
 Cigotuvi's Dreadful Rot  Necr/Pois/Air  100%       N/A       1%          2
 Lesser Beckoning         Tloc           100%       N/A       1%          2
 Passwall                 Tmut/Erth      70%        N/A       1%          2
 Poisonous Vapours        Pois/Air       100%       N/A       1%          2
 Confusing Touch          Hex            56%        N/A       1%          3
 Gell's Gravitas          Tloc           72%        N/A       1%          3
 Ignite Poison            Fire/Tmut/Pois 100%       N/A       1%          3
 Portal Projectile        Hex/Tloc       100%       N/A       1%          3
 Teleport Other           Tloc           72%        N/A       1%          3
 Tukima's Dance           Hex            56%        N/A       1%          3
 Vampiric Draining        Necr           100%       2d13      1%          3
 Airstrike                Air            52%        2d(8-24)  1%          4
 Animate Armour           Summ/Erth      100%       N/A       1%          4
 Fulminant Prism          Conj/Hex       52%        3d23      1%          4
 Leda's Liquefaction      Hex/Erth       42%        N/A       1%          4
 Manifold Assault         Tloc           72%        N/A       1%          4
 Passage of Golubria      Tloc           72%        N/A       1%          4
 Petrify                  Tmut/Erth      84%        N/A       1%          4
 Summon Ice Beast         Ice/Summ       97%        N/A       1%          4
 Summon Lightning Spire   Summ/Air       84%        N/A       1%          4
 Borgnjor's Vile Clutch   Necr/Erth      67%        N/A       1%          5
 Irradiate                Conj/Tmut      52%        3d29      1%          5
 Metabolic Englaciation   Hex/Ice        49%        N/A       1%          5
 Silence                  Hex/Air        42%        N/A       1%          5
 Conjure Ball Lightning   Conj/Air       60%        3x3d22    1%          6
 Iron Shot                Conj/Erth      60%        9d11      1%          6
 Simulacrum               Ice/Necr       75%        N/A       1%          6
 Ozocubu's Refrigeration  Ice            62%        4d21      1%          7
 Call Canine Familiar     Summ           53%        N/A       2%          3
 Summon Guardian Golem    Hex/Summ       54%        N/A       2%          3
 Dispel Undead            Necr           100%       3d31      2%          4
 Spellforged Servitor     Conj/Summ      52%        N/A       3%          7
 Anguish                  Hex/Necr       51%        N/A       4%          4
 Cause Fear               Hex            28%        N/A       7%          4
 Agony                    Necr           100%       N/A       7%          5
 Olgreb's Toxic Radiance  Pois           53%        N/A       9%          4
 Summon Forest            Summ/Tloc      31%        N/A       11%         5
 Alistair's Intoxication  Tmut/Pois      35%        N/A       22%         5
 Summon Mana Viper        Hex/Summ       54%        N/A       22%         5
 Yara's Violent Unravell  Hex/Tmut       27%        3d12      22%         5
 Dispersal                Tloc           36%        N/A       26%         6
 Death Channel            Necr           55%        N/A       36%         6
 Eringya's Noxious Bog    Tmut/Pois      26%        N/A       77%         6
 Summon Cactus Giant      Summ           26%        N/A       77%         6
 Malign Gateway           Summ/Tloc      31%        N/A       97%         7
 Enfeeble                 Hex            28%        N/A       99%         7
 Monstrous Menagerie      Summ           26%        N/A       100%        7
 Discord                  Hex            28%        N/A       100%        8
 Disjunction              Tloc           36%        N/A       100%        8
 Summon Horrible Things   Summ           26%        N/A       100%        8
 Sublimation of Blood     Necr           Unusable   N/A       N/A         2
 Ice Form                 Ice/Tmut       Unusable   N/A       N/A         4
 Spider Form              Tmut/Pois      Unusable   N/A       N/A         3
 Statue Form              Tmut/Erth      Unusable   N/A       N/A         6
 Blade Hands              Tmut           Unusable   N/A       N/A         5
 Storm Form               Tmut/Air       Unusable   N/A       N/A         7
 Borgnjor's Revivificati  Necr           Unusable   N/A       N/A         8

Dungeon Overview and Level Annotations

Branches:
Dungeon (15/15)            Temple (0/1) D:5            Lair (5/5) D:9
  Swamp (4/4) Lair:2       Spider (4/4) Lair:2        Slime (5/5) Lair:4
    Orc (2/2) D:9             Elf (3/3) Orc:2        Vaults (5/5) D:14
  Crypt (3/3) Vaults:2       Tomb (0/3) Crypt:3      Depths (4/4) D:15
    Zot (0/5) Depths:4    Ossuary (visited)          Bailey (visited)
  IceCv (visited)          WizLab (visited)

Altars:
Ashenzari
Fedhas
Gozag
Hepliaklqana
Kikubaaqudgha
Makhleb
Nemelex Xobeh
Okawaru
Qazlal
Ru
Uskayaw
Wu Jian
Xom
Jiyva

Shops:
D:6 **   D:9 ?   D:10 (   D:14 (   Orc:2 =*[:   Vaults:1 (   Vaults:3 [?[*
Vaults:5 !*??[   Depths:1 *

Portals:
Hell: Depths:1 Depths:2 Depths:3 Depths:4
Abyss: Depths:1 Depths:3
Pandemonium: Depths:2 Depths:3 Depths:4

Annotations:
Elf:2 3 runed translucent doors
Vaults:3 3 runed translucent doors, MackTheFife's ghost, veteran HOGl
Crypt:1 2 transporters, exclusion: orange crystal statue


Innate Abilities, Weirdness & Mutations

You are immune to poison.
Your flesh is cold resistant. (rC+)
You are immune to negative energy. (rN+++)
You are immune to unholy pain and torment.
You are vulnerable to heat. (rF-)
You are strongly in touch with the powers of death.
You do not drink.
You have a special connection with the divine. (Faith)


Message History

The Executioner hits you.
* * * LOW HITPOINT WARNING * * *
You feel your power leaking away.
The Executioner hits you but does no damage.
A tormentor comes into view.
The demonspawn warmonger calls upon its god to speed up something.
The Executioner hits you but does no damage.
You block the Executioner's attack. x2
As you read the scroll of teleportation, it crumbles to dust.
You feel strangely unstable.
The Executioner hits you but does no damage.
The Executioner closely misses you.
The Executioner hits you but does no damage.
The Executioner misses you.
The Executioner hits you but does no damage.
You block the Executioner's attack.
A sixfirhy comes into view.
The Executioner misses you. The Executioner barely misses you.
The Executioner hits you but does no damage.
The sixfirhy hits your butterfly.
Your butterfly dies!
Your butterfly disappears in a burst of colours!
The tormentor says, "I'll crush your bones, one by one."
The Executioner closely misses you. You block the Executioner's attack.
The Executioner hits you but does no damage. x4
The demonspawn warmonger hits your butterfly with a +7 demon blade of flaming!!!
The demonspawn warmonger burns your butterfly.
Your butterfly dies!
Your butterfly disappears in a burst of colours!
The demonspawn warmonger seems to speed up.
Unknown command.
Unknown command.
Unknown command.
The Executioner hits you but does no damage.
The Executioner barely misses you. The Executioner hits you.
* * * LOW HITPOINT WARNING * * *
The Executioner hits you but does no damage.
You block the Executioner's attack. The Executioner completely misses you.
You block the Executioner's attack. The Executioner hits you!
You die...

,
..................1..........▓
,..................1..........▓
** ,,,...........▓▓▓▓▓▓▓▓▓▓▓▓ *
, ...........▓ .......6...▓
,.....3...1.▓ * , ,....2......▓
,,, ........11.▓ ,,,
.........@.▓ * * ▓▓▓▓▓▓▓▓▓▓▓▓


You could see a demonspawn warmonger (fast, black mark), 2 Executioners, a
sixfirhy, a tormentor (black mark) and a friendly Executioner (summoned, fast,
black mark, weak, drained, magic disrupted).

Vanquished Creatures
  the Royal Jelly (Slime:5)
  3 dread liches
  6 ancient liches
  Mara (Vaults:5)
  6 juggernauts
  4 shard shrikes
  Frederick (Vaults:4)
  the Lernaean hydra (Swamp:4)
  Saint Roka (Vaults:5)
  6 Killer Klowns
  5 pandemonium lords
  Xtahua (Vaults:4)
  A caustic shrike (Zig:17)
  16 golden dragons
  Nikola (Spider:3)
  Arachne (Spider:4)
  2 bone dragons
  2 Tzitzimimeh (Zig:26)
  2 Brimstone Fiends
  Jorgrun (Swamp:1)
  13 Ice Fiends
  3 hellephants (Zig:13)
  11 tentacled monstrosities
  Mlioglotl (Swamp:4)
  7 liches
  4 searing wretches (Zig:13)
  A walking divine tome (Depths:3)
  A deep elf blademaster (Zig:2)
  A deep elf master archer (Elf:3)
  4 titans (Vaults:5)
  20 acid blobs
  A quicksilver dragon (shapeshifter) (Zig:10)
  4 ancient champions
  Asterion (Elf:1)
  A sphinx (shapeshifter) (Zig:21)
  6 sphinxes
  2 thorn hunters (Zig:23)
  A shadow dragon (shapeshifter) (Zig:21)
  7 nagarajas
  3 storm dragons
  7 tengu reavers
  4 revenants
  11 rockslimes
  3 fenstrider witches
  A fenstrider witch (shapeshifter) (Zig:21)
  A demonspawn warmonger (Zig:26)
  6 shadow dragons
  12 narguns (Zig:25)
  An azure jelly (shapeshifter) (Zig:21)
  6 azure jellies
  9 fire giants
  A draconian knight (Zig:9)
  A frost giant (shapeshifter) (Zig:21)
  17 frost giants
  10 deep elf sorcerers
  Louise (Swamp:3)
  23 ghost moths
  15 emperor scorpions
  7 ghouls
  7 balrugs
  An iron dragon (Depths:3)
  Aizul (Spider:1)
  6 deep elf elementalists (Elf:3)
  25 vault wardens
  6 curse skulls
  2 demonspawn corrupters (Zig:15)
  4 broodmothers
  2 draconian stormcallers
  A cacodemon (Zig:26)
  15 quicksilver oozes
  A quicksilver ooze (shapeshifter) (Vaults:5)
  A reaper (Zig:26)
  4 spriggan defenders
  2 angels (Depths:3)
  18 stone giants
  8 ironbound thunderhulks
  7 orc warlords
  36 very ugly things
  5 war gargoyles
  A stone giant (shapeshifter) (Zig:21)
  7 eleionomae
  19 ironbound preservers
  14 vampire knights
  2 deep elf demonologists
  Azrael (D:15)
  Nessos (D:15)
  2 green draconians (Depths:4)
  2 demonspawn black suns
  A red draconian (Depths:3)
  2 black draconians (Depths:4)
  A lorocyproca (Zig:10)
  14 dire elephants
  An eleionoma (shapeshifter) (Zig:21)
  12 wendigos (Zig:25)
  9 deep elf annihilators
  10 bunyips
  5 spark wasps
  11 purple draconians
  3 white draconians (Depths:4)
  Snorg (D:12)
  7 eidola
  4 statues (WizLab)
  11 deep elf death magi
  14 green deaths
  15 ettins
  6 jiangshi
  5 blizzard demons
  6 merfolk javelineers
  Josephine (Orc:2)
  9 fire dragons
  26 entropy weavers
  A crystal guardian (Vaults:4)
  7 merfolk impalers (Zig:19)
  3 shambling mangroves
  9 great orbs of eyes
  6 deep elf high priests
  37 vault guards
  3 rakshasas
  2 peacekeepers (Vaults:4)
  16 yaktaur captains
  Harold (Lair:1)
  3 ogre magi
  A hell beast (Zig:26)
  An ice dragon (shapeshifter) (Depths:4)
  Erolcha (Orc:1)
  A hydra (shapeshifter) (Vaults:5)
  5 salamander tyrants
  A ghost crab (Zig:23)
  4 alligator snapping turtles
  38 hydras
  3 catoblepae
  8 ironbound frosthearts
  3 jorogumos
  7 radroaches
  12 ice dragons
  9 two-headed ogres
  2 two-headed ogres (shapeshifter)
  9 spriggan air magi
  A boulder beetle (shapeshifter) (Zig:14)
  7 merfolk aquamancers
  5 death knights
  12 deep troll shamans
  2 satyrs (Zig:19)
  A bennu skeleton (Crypt:3)
  13 centaur warriors
  An Orb Guardian skeleton (Crypt:1)
  10 boulder beetles
  13 alligators
  6 tengu warriors
  13 death yaks
  6 deep troll earth magi
  10 orc high priests
  12 dancing weapons
  7 shock serpents
  12 vampire magi
  2 hell hogs
  4 spriggan berserkers
  Nergalle (Orc:1)
  3 naga sharpshooters
  A titan zombie (Crypt:2)
  2 soul eaters
  15 deep elf knights
  Urug (Orc:2)
  8 sun demons
  A shadow wraith (Crypt:3)
  12 iron trolls
  A storm dragon zombie (Crypt:2)
  6 skysharks
  3 salamander mystics
  2 sun moths
  23 skeletal warriors
  22 pharaoh ants
  A death drake (shapeshifter) (Vaults:4)
  10 goliath frogs
  7 spriggan druids
  4 sea snakes
  A shadow demon (Zig:15)
  29 orb spiders
  5 flayed ghosts
  49 deep trolls
  21 swamp dragons
  9 glowing orange brains
  10 bog bodies
  12 death drakes
  A sea snake (shapeshifter) (Zig:21)
  Pikel (D:8)
  8 steelbarb worms
  A tengu zombie (Depths:2)
  2 obsidian statues (Zig:9)
  16 ironbound convokers
  16 phantasmal warriors
  22 deep elf archers
  8 necromancers
  12 wizards
  3 naga ritualists
  13 orc knights
  22 deep elf zephyrmancers
  A steelbarb worm (shapeshifter) (Zig:10)
  32 deep elf pyromancers
  2 mana vipers (Zig:12)
  A mana viper (shapeshifter) (Zig:21)
  4 lindwurms (Vaults:1)
  14 orc sorcerers
  6 shining eyes
  32 wolf spiders
  10 salamanders
  36 ugly things
  6 manticores
  7 cyclopes
  5 fauns (Zig:19)
  The ghost of AverageBear the Sneak, a novice OpFi of Gozag (D:6)
  27 moths of wrath
  13 will-o-the-wisps
  26 vault sentinels
  7 water nymphs (Zig:19)
  3 ice statues
  15 elephants
  A fire giant skeleton (Depths:2)
  An eye of devastation (shapeshifter) (Vaults:5)
  3 merfolk sirens (Zig:19)
  9 eyes of devastation
  9 guardian serpents
  4 naga magi
  25 black mambas
  A cane toad (shapeshifter) (Zig:21)
  An apocalypse crab (Zig:10)
  14 demonic crawlers
  12 torpor snails
  A yellow draconian zombie (Crypt:1)
  A naga zombie (Crypt:2)
  23 cane toads
  2 storm dragon simulacra (Zig:25)
  A centaur skeleton (Crypt:1)
  2 orange demons (Depths:2)
  2 kobold demonologists (D:14)
  40 yaktaurs
  An unseen horror (D:13)
  10 freezing wraiths
  6 hellions
  10 rime drakes
  An ice devil (IceCv)
  A sea snake zombie (Crypt:2)
  4 tormentors (Zig:25)
  An efreet (D:13)
  13 komodo dragons
  An alligator snapping turtle skeleton (Crypt:1)
  2 anaconda simulacra (IceCv)
  17 tengu conjurers
  A white draconian skeleton (Crypt:2)
  A guardian mummy (Crypt:3)
  11 meliai
  A red devil (Depths:2)
  10 trolls
  2 harpy zombies (Crypt:1)
  4 bloated husks
  A hellwing (Depths:2)
  7 tyrant leeches
  16 merfolk (Zig:19)
  A merfolk (shapeshifter) (Zig:14)
  45 tarantellas
  32 hornets
  A death drake zombie (Crypt:3)
  17 polar bears
  A wind drake (Zig:19)
  A raiju (Elf:2)
  11 blink frogs
  2 shadow dragon simulacra
  A hydra skeleton (Crypt:3)
  2 sphinx simulacra (Zig:25)
  Prince Ribbit (D:5)
  8 dream sheep
  4 flying skulls (Crypt:3)
  A frost giant simulacrum (Depths:2)
  51 jumping spiders
  5 snapping turtles (Zig:19)
  A spriggan skeleton (Depths:1)
  19 spriggans
  19 wyverns
  18 wraiths
  3 centaur simulacra
  79 slime creatures
  A ynoxinul (Depths:2)
  33 yaks
  39 culicivoras
  A culicivora (shapeshifter) (Zig:10)
  2 vampires
  6 air elementals
  2 shadows (D:11)
  A fire dragon skeleton (Crypt:1)
  6 basilisks
  2 golden eyes (Slime:2)
  5 fire elementals
  2 neqoxecs
  9 water elementals
  A large abomination (Zig:26)
  A steam dragon (Bailey)
  5 vampire mosquitoes (D:14)
  4 death yak simulacra (IceCv)
  2 chaos spawn
  103 redbacks
  2 glowing shapeshifter zombies
  2 harpy simulacra
  A wind drake skeleton (Crypt:2)
  16 swamp worms
  22 wargs
  3 nagas
  22 water moccasins
  A faun zombie (Crypt:3)
  An acid dragon (D:8)
  A floating eye (Depths:4)
  19 hell hounds
  A deep troll skeleton (Crypt:2)
  A black bear (shapeshifter) (D:14)
  7 ice beasts
  72 orc warriors
  A sky beast (D:6)
  A lindwurm zombie (Crypt:3)
  10 swamp drakes
  16 black bears
  34 ogres
  10 centaurs
  19 wolves
  A phantom (D:5)
  A swamp dragon skeleton (Crypt:1)
  A lemure (D:8)
  7 kobold brigands
  3 gnoll sergeants
  3 necrophages (Crypt:2)
  8 two-headed ogre simulacra
  9 bullfrogs
  2 cane toad simulacra (IceCv)
  7 earth elementals
  An elf skeleton (Crypt:1)
  11 scorpions
  A spriggan zombie (Crypt:2)
  2 warg zombies (Crypt:1)
  8 killer bees
  3 elephant simulacra (IceCv)
  A killer bee (shapeshifter) (D:13)
  A raiju zombie (Crypt:1)
  A howler monkey (D:9)
  2 electric eels
  A shapeshifter skeleton (Crypt:1)
  4 hounds
  4 jellies
  A wolf skeleton (Crypt:3)
  25 orc priests
  6 gnoll boudas
  2 sleepcaps (D:6)
  Ijyb (D:3)
  3 iguanas
  52 orc wizards
  A basilisk skeleton (Crypt:2)
  4 spriggan simulacra
  2 polar bear simulacra (IceCv)
  7 hell rats (Lair:3)
  4 troll simulacra (IceCv)
  A wolf simulacrum (IceCv)
  4 lightning spires (Elf:2)
  12 mummies
  24 gnolls
  17 adders
  4 naga simulacra (IceCv)
  A steam dragon skeleton (Crypt:2)
  3 shadow imps (D:7)
  12 white imps
  11 ufetubi
  2 worms
  5 dart slugs
  123 orcs
  3 spectral bats (Ossuary)
  9 endoplasms
  7 giant cockroaches
  5 goblins
  5 hobgoblins
  3 jackals (D:3)
  6 quokkas
  8 ball pythons
  6 bats
  3 bat simulacra (Ossuary)
  12 gnoll zombies (Ossuary)
  3 goblin simulacra (Ossuary)
  4 goblin zombies (Ossuary)
  4 hobgoblin zombies (Ossuary)
  21 kobolds
  3 kobold simulacra (Ossuary)
  A kobold skeleton (Crypt:3)
  6 kobold zombies (Ossuary)
  4 orc zombies (Ossuary)
  9 rats
  5 rat simulacra (Ossuary)
  3 spectral goblins (Ossuary)
  A spectral kobold (Ossuary)
  5 spectral rats (Ossuary)
  8 fire vortices
3263 creatures vanquished.

Vanquished Creatures (collateral kills)
  Rupert (Spider:1)
  An ancient champion (Crypt:3)
  2 shadow dragons (Vaults:5)
  2 frost giants (Depths:2)
  2 stone giants (Depths:3)
  A very ugly thing (Depths:1)
  A reaper (Zig:3)
  A deep elf demonologist (Elf:3)
  A statue (WizLab)
  An ettin (Depths:3)
  A jiangshi (Depths:3)
  An ice dragon (Depths:2)
  A spriggan skeleton (Depths:1)
  A death knight (Crypt:1)
  A two-headed ogre (Vaults:5)
  A vampire mage (Crypt:2)
  A skeletal warrior (Crypt:1)
  A deep elf pyromancer (Elf:1)
  2 deep elf zephyrmancers
  A moth of wrath (Spider:1)
  A freezing wraith (Vaults:5)
  A death yak skeleton (Crypt:1)
  A hellwing (Depths:2)
  A tengu conjurer (WizLab)
  A dream sheep (shapeshifter) (Depths:1)
  A slime creature (Slime:2)
  A flying skull (Crypt:3)
  A water elemental (Depths:2)
  A hog (shapeshifter) (Elf:3)
  A warg (Zig:18)
  A floating eye (Depths:3)
  An orc wizard (Vaults:5)
  2 mummies (Crypt:3)
  An orc zombie (Crypt:1)
  6 foxfires (D:7)
45 creatures vanquished.

Vanquished Creatures (others)
  A fire giant (Zig:14)
  A vault guard (Vaults:5)
  A steelbarb worm (Zig:24)
  A deep elf pyromancer (Elf:1)
  3 bloated husks
  A tarantella (Spider:2)
  A hornet (Zig:22)
  A fire elemental (D:15)
  A ball lightning (Elf:2)
  416 fire vortices
  747 foxfires
  2 starspawn tentacles (Swamp:4)
1176 creatures vanquished.

Grand Total: 4484 creatures vanquished

Notes
Turn   | Place    | Note
-------+----------+-------------------------------------------
     0 | D:1      | SnakkuSnakku7 the Mummy Reaver began the quest for the Orb.
     0 | D:1      | Reached XP level 1. HP: 16/16 MP: 4/4
   304 | D:1      | Reached XP level 2. HP: 6/22 MP: 5/5
   402 | D:1      | Reached skill level 1 in Necromancy
   817 | D:1      | Gained mutation: You are in touch with the powers of death.
                  | [Mummy growth]
   817 | D:1      | Reached XP level 3. HP: 27/27 MP: 7/7
  1110 | D:2      | Reached skill level 3 in Conjurations
  1143 | D:2      | Found a faded altar of an unknown god.
  1157 | D:2      | Reached XP level 4. HP: 19/33 MP: 8/8
  1856 | D:3      | Found a transporter.
  1887 | D:3      | Found a transporter.
  2084 | D:3      | Reached XP level 5. HP: 17/34 MP: 7/9
  2221 | D:3      | Noticed an ogre
  2229 | D:3      | Killed an ogre
  2257 | D:3      | Learned a level 2 spell: Momentum Strike
  2301 | D:3      | Noticed Ijyb
  2335 | D:3      | Killed Ijyb
  2679 | D:4      | Reached XP level 6. HP: 11/24 MP: 10/10
  3136 | D:4      | Reached skill level 1 in Translocations
  3370 | D:3      | Found a broken altar of Ashenzari.
  3376 | D:3      | Found a shimmering altar of Xom.
  3393 | D:3      | Became a worshipper of Ashenzari the Shackled
  3454 | D:3      | Found a sacrificial altar of Ru.
  3465 | D:3      | Found an ancient bone altar of Kikubaaqudgha.
  3467 | D:3      | Found an ornate altar of the Wu Jian Council.
  3468 | D:3      | Found a blossoming altar of Fedhas.
  3474 | D:3      | Found an opulent altar of Gozag.
  3607 | D:5      | Entered Level 5 of the Dungeon
  3791 | D:5      | Reached skill level 4 in Conjurations
  3821 | D:5      | Found a staircase to the Ecumenical Temple.
  3839 | D:5      | Identified a scroll of acquirement
  3948 | D:5      | Acquired the +2 buckler of Watchfulness {MP+9 Str+3 Int+4
                  | Dex+3}
  4088 | D:5      | Reached XP level 7. HP: 19/44 MP: 11/11
  4253 | D:5      | Reached skill level 1 in Fire Magic
  4343 | D:5      | Learned a level 1 spell: Foxfire
  4583 | D:5      | Noticed Prince Ribbit
  4594 | D:5      | Killed Prince Ribbit
  4595 | D:5      | Reached skill level 5 in Conjurations
  4946 | D:6      | Reached XP level 8. HP: 34/52 MP: 12/12
  4987 | D:6      | Found a runed translucent gate.
  4987 | D:6      | Found a runed translucent gate.
  4987 | D:6      | Found a runed translucent gate.
  4993 | D:6      | Noticed AverageBear's ghost (novice OpFi)
  5131 | D:6      | Found a sand-covered staircase.
  5147 | Ossuary  | Entered an ossuary
  5503 | D:6      | Reached skill level 6 in Conjurations
  5607 | D:6      | Found Sais's General Store.
  5607 | D:6      | Found Ehesh's General Store.
  5653 | D:6      | Bought a staff of fire for 275 gold pieces
  5660 | D:6      | Learned a level 5 spell: Fireball
  5762 | D:6      | Noticed a komodo dragon
  5841 | D:6      | Reached skill level 5 in Fire Magic
  6138 | D:6      | Reached XP level 9. HP: 41/61 MP: 13/13
  6222 | D:6      | Reached skill level 7 in Conjurations
  6460 | D:6      | Killed AverageBear's ghost
  6638 | D:6      | Identified the +0 cloak "Ciymufreusk" {rElec rCorr MP-9
                  | Int+6}
  6714 | D:6      | Killed a komodo dragon
  6740 | D:6      | Reached skill level 8 in Conjurations
  7044 | D:7      | Found a flagged portal.
  7102 | Bailey   | Entered a bailey
  7138 | Bailey   | Reached XP level 10. HP: 47/67 MP: 12/14
  7489 | Bailey   | Identified the +0 swamp dragon scales of Vanity {rPois
                  | Will- Str+2 Dex+4}
  7496 | Bailey   | Reached skill level 9 in Conjurations
  7543 | Bailey   | Noticed a two-headed ogre
  7558 | Bailey   | Killed a two-headed ogre
  9268 | D:8      | Reached skill level 10 in Conjurations
  9476 | D:8      | Reached * piety under Ashenzari
  9629 | D:8      | Noticed Pikel
  9632 | D:8      | Killed Pikel
  9633 | D:8      | Reached XP level 11. HP: 69/74 MP: 9/16
  9646 | D:8      | Identified the +0 spear of Foaqafug {drain, Str+5}
  9983 | D:8      | Reached ** piety under Ashenzari
 10166 | D:8      | Learned a level 6 spell: Starburst
 10314 | D:9      | Found a hide-covered altar of Uskayaw.
 10539 | D:9      | Noticed a two-headed ogre
 10543 | D:9      | Killed a two-headed ogre
 10731 | D:9      | Found a staircase to the Lair.
 10775 | D:9      | Identified the ring of Untruth {Int+5 SInv}
 10871 | D:9      | Found a staircase to the Orcish Mines.
 11027 | D:9      | Found Ychi's Magic Scroll Boutique.
 11138 | D:10     | Entered Level 10 of the Dungeon
 11402 | D:10     | Found Wystrenia's Weapon Shoppe.
 11595 | D:10     | Reached skill level 10 in Fire Magic
 11711 | D:10     | Reached skill level 11 in Conjurations
 12416 | D:10     | Found a sparkling altar of Nemelex Xobeh.
 12478 | Lair:1   | Entered Level 1 of the Lair of Beasts
 12627 | Lair:1   | Noticed Harold
 12632 | Lair:1   | Killed Harold
 12838 | Lair:1   | Reached *** piety under Ashenzari
 13753 | Lair:2   | Reached XP level 12. HP: 24/83 MP: 1/19
 13856 | Lair:2   | Reached skill level 12 in Conjurations
 14342 | Lair:2   | Found a staircase to the Swamp.
 14460 | Lair:2   | Found a hole to the Spider Nest.
 14780 | Lair:2   | Reached skill level 13 in Conjurations
 14882 | Lair:2   | Reached **** piety under Ashenzari
 15664 | Lair:3   | Reached skill level 5 in Spellcasting
 15970 | Lair:3   | Reached skill level 5 in Fighting
 16025 | Lair:3   | Gained mutation: You are strongly in touch with the powers
                  | of death. [Mummy growth]
 16025 | Lair:3   | Reached XP level 13. HP: 94/103 MP: 13/27
 16124 | Lair:3   | Reached skill level 1 in Shields
 16566 | Lair:4   | Found a viscous altar of Jiyva.
 16568 | Lair:4   | Found a staircase to the Slime Pits.
 17114 | Lair:4   | Reached skill level 5 in Dodging
 17640 | Lair:5   | Entered Level 5 of the Lair of Beasts
 18385 | Lair:5   | Reached XP level 14. HP: 110/110 MP: 14/31
 18742 | Lair:5   | Reached skill level 10 in Spellcasting
 19049 | Lair:5   | Identified the +2 plate armour of Uskayaw's Supremacy {rC+
                  | rCorr}
 19124 | Lair:5   | Reached skill level 1 in Evocations
 19918 | Lair:5   | Reached skill level 5 in Evocations
 20461 | Lair:4   | Learned a level 6 spell: Plasma Beam
 20677 | D:9      | Found a hazy altar of Hepliaklqana.
 21046 | D:11     | Reached skill level 1 in Air Magic
 21101 | D:11     | Reached ***** piety under Ashenzari
 21220 | Orc:1    | Entered Level 1 of the Orcish Mines
 21220 | Orc:1    | Noticed Nergalle
 21220 | Orc:1    | Found a burning altar of Makhleb.
 21224 | Orc:1    | Killed Nergalle
 21287 | Orc:1    | Noticed an orc warlord
 21379 | Orc:2    | Entered Level 2 of the Orcish Mines
 21379 | Orc:2    | Found a staircase to the Elven Halls.
 21417 | Orc:1    | Paralysed by an orc sorcerer for 5 turns
 21456 | Orc:1    | Found a frozen archway.
 21474 | IceCv    | Entered an ice cave
 21904 | IceCv    | Reached skill level 5 in Air Magic
 22115 | Orc:1    | Noticed Erolcha
 22117 | Orc:1    | Killed Erolcha
 22544 | Orc:2    | Noticed Urug
 22553 | Orc:2    | Killed Urug
 22909 | Orc:1    | Killed an orc warlord
 22914 | Orc:1    | Reached XP level 15. HP: 119/119 MP: 24/35
 23217 | Orc:2    | Found Tizys's Book Shoppe.
 23217 | Orc:2    | Found Hacibia's Armour Shop.
 23279 | Orc:2    | Found Nunwuon's General Store.
 23279 | Orc:2    | Found Tarugu Taev's Jewellery Shop.
 23284 | Orc:2    | Bought a scroll of blinking for 120 gold pieces
 23293 | Orc:2    | Bought an amulet of magic regeneration for 300 gold pieces
 23513 | Orc:2    | Noticed Josephine
 23518 | Orc:2    | Killed Josephine
 24006 | D:12     | Reached ****** piety under Ashenzari
 24282 | D:12     | Noticed Snorg
 24293 | D:12     | Killed Snorg
 24624 | D:13     | Identified the +1 scale mail "Wigal" {rElec}
 24983 | D:14     | Reached skill level 1 in Armour
 25160 | D:14     | Noticed a fire giant
 25188 | D:14     | Killed a fire giant
 25512 | D:14     | Reached skill level 14 in Conjurations
 25516 | D:14     | Found a gate to the Vaults.
 25593 | D:14     | Reached XP level 16. HP: 124/136 MP: 37/37
 25821 | D:14     | Found Iwnasmiedgh's Antique Weapon Boutique.
 25958 | D:15     | Entered Level 15 of the Dungeon
 26095 | D:15     | Found a staircase to the Depths.
 26241 | D:15     | Noticed Nessos
 26248 | D:15     | Killed Nessos
 26350 | D:15     | Found a stormy altar of Qazlal.
 26423 | D:15     | Reached skill level 15 in Conjurations
 26431 | D:15     | Noticed Azrael
 26436 | D:15     | Killed Azrael
 26722 | D:15     | Learned a level 8 spell: Maxwell's Capacitive Coupling
 26728 | D:15     | Learned a level 5 spell: Lee's Rapid Deconstruction
 26859 | D:15     | Identified the +10 hand axe of Bloodstone {freeze, rCorr}
 27119 | Swamp:1  | Entered Level 1 of the Swamp
 27119 | Swamp:1  | Noticed Jorgrun
 27123 | Swamp:1  | Killed Jorgrun
 27124 | Swamp:1  | Reached skill level 1 in Earth Magic
 28267 | Swamp:2  | Reached skill level 16 in Conjurations
 28905 | Swamp:3  | Noticed Louise
 28916 | Swamp:3  | Killed Louise
 29275 | Swamp:4  | Entered Level 4 of the Swamp
 29542 | Swamp:4  | Identified the +8 whip of the Mouth {speed, rPois rCorr
                  | Int+2}
 29605 | Swamp:4  | Noticed Mlioglotl
 29610 | Swamp:4  | Noticed a tentacled starspawn
 29611 | Swamp:4  | Killed Mlioglotl
 29629 | Swamp:4  | Reached XP level 17. HP: 67/137 MP: 13/36
 29998 | Swamp:4  | Reached skill level 17 in Conjurations
 30007 | Swamp:4  | Noticed the 27-headed Lernaean hydra
 30218 | Swamp:4  | Killed the 27-headed Lernaean hydra
 31063 | Swamp:4  | Got a decaying rune of Zot
 31197 | Spider:1 | Entered Level 1 of the Spider Nest
 31263 | Spider:1 | Noticed Rupert
 31271 | Spider:1 | Killed Rupert
 31308 | Spider:1 | Noticed Aizul
 31321 | Spider:1 | Killed Aizul
 31433 | Spider:1 | Reached skill level 18 in Conjurations
 32174 | Spider:2 | Identified the Tractate on Scree and Fulmination
 32435 | Spider:2 | Reached skill level 19 in Conjurations
 32682 | Spider:2 | Acquired Uniawnap's Parchment of Destruction
 32695 | Spider:2 | Learned a level 9 spell: Fire Storm
 32947 | Spider:2 | Reached XP level 18. HP: 124/146 MP: 24/38
 33613 | Spider:3 | Identified the +10 broad axe of Apianlojaq {distort, rCorr}
 33707 | Spider:3 | Noticed Nikola
 33712 | Spider:3 | Killed Nikola
 34012 | Spider:4 | Entered Level 4 of the Spider Nest
 34952 | Spider:4 | Noticed Arachne
 34971 | Spider:4 | Killed Arachne
 34972 | Spider:4 | Reached skill level 1 in Staves
 34972 | Spider:4 | Reached skill level 20 in Conjurations
 35461 | Spider:4 | Got a gossamer rune of Zot
 35843 | Vaults:1 | Entered Level 1 of the Vaults
 35880 | Vaults:1 | Found Geusie's Antique Weapon Emporium.
 36378 | Vaults:1 | Reached XP level 19. HP: 140/155 MP: 22/40
 37917 | Vaults:2 | Found a staircase to the Crypt.
 38063 | Vaults:2 | HP: 5/155 [centaur warrior/arrow (24)]
 38437 | Vaults:2 | Reached skill level 21 in Conjurations
 39213 | Vaults:3 | Reached XP level 20. HP: 149/162 MP: 27/41
 39314 | Vaults:3 | Found Zoli's Antique Armour Emporium.
 39336 | Vaults:3 | Found Olesyc's Armour Boutique.
 39396 | Vaults:3 | Found a runed translucent gate.
 39396 | Vaults:3 | Found a runed translucent gate.
 39396 | Vaults:3 | Found a runed translucent gate.
 39396 | Vaults:3 | Noticed MackTheFife's ghost (veteran HOGl)
 39549 | Vaults:3 | Found Ankaoc's Assorted Antiques.
 39908 | Vaults:3 | Reached skill level 15 in Fire Magic
 39975 | Vaults:3 | Found Saigoam's Magic Scroll Boutique.
 39978 | Vaults:3 | Found Zayxzepn's Weapon Shoppe.
 39983 | Vaults:3 | Bought a scroll of teleportation for 39 gold pieces
 40411 | Vaults:4 | Noticed Frederick
 40430 | Vaults:4 | Killed Frederick
 40573 | Vaults:4 | Noticed Xtahua
 40576 | Vaults:4 | Paralysed by Xtahua for 3 turns
 40580 | Vaults:4 | Killed Xtahua
 41030 | Vaults:4 | Paralysed by a great orb of eyes for 5 turns
 41549 | Vaults:5 | Entered Level 5 of the Vaults
 41549 | Vaults:5 | Noticed Mara
 41720 | Vaults:5 | Noticed a dread lich
 41758 | Vaults:4 | Killed a dread lich
 41867 | Vaults:5 | Noticed Saint Roka
 41868 | Vaults:5 | Reached XP level 21. HP: 167/168 MP: 34/42
 41910 | Vaults:5 | Killed Saint Roka
 41914 | Vaults:5 | Noticed a golden dragon
 42014 | Vaults:5 | Noticed SnakkuSnakku7's illusion
 42221 | Vaults:5 | Identified the +2 scimitar of Raem {vamp, rN+ Dex+4}
 42221 | Vaults:5 | Noticed a golden dragon
 42300 | Vaults:5 | Identified the +0 scale mail of the Dwarven Hall {*Slow
                  | +Inv Fly rC+ Regen+}
 42308 | Vaults:5 | Identified the staff of cold "Ocly" {rC+ rN++ Int+2 Stlth-}
 42802 | Elf:1    | Entered Level 1 of the Elven Halls
 42802 | Elf:1    | Noticed Asterion
 42804 | Elf:1    | Killed Asterion
 43465 | Elf:1    | Learned a level 8 spell: Ignition
 43498 | Elf:1    | Paralysed by an air elemental for 1 turns
 44079 | Elf:2    | Found a runed translucent gate.
 44079 | Elf:2    | Found a runed translucent gate.
 44080 | Elf:2    | Found a runed translucent gate.
 44520 | Elf:2    | Identified the Verses on Austromancy
 44575 | Elf:3    | Entered Level 3 of the Elven Halls
 44590 | Elf:3    | Paralysed by an air elemental for 1 turns
 45018 | Elf:3    | Identified the +9 quarterstaff of Reinforcement {venom,
                  | rElec Will+ Dex+2}
 45018 | Elf:3    | Identified the +3 leather armour of Weak Salvation {rPois
                  | Int+2}
 45030 | Elf:3    | Identified the +6 chain mail "Toarud" {Str+3 Dex+3 SInv}
 45048 | Elf:3    | Identified the ring of Xom's Whimsicality {Fire rN+ MP-9
                  | SInv Stlth+}
 45140 | Elf:3    | Reached skill level 15 in Spellcasting
 45219 | Elf:3    | Reached XP level 22. HP: 175/175 MP: 46/47
 45317 | Elf:3    | Reached skill level 10 in Fighting
 45362 | Elf:3    | Identified the +9 arbalest of the Queen {freeze, rF+ rCorr
                  | Int+7 Dex-4}
 45411 | Elf:3    | Identified the +9 shortbow of the Forgotten Orbs {heavy,
                  | Dex+3}
 45581 | Elf:3    | Identified the staff of death "Caop" {rC+ rN+}
 46018 | Crypt:1  | Entered Level 1 of the Crypt
 46400 | Crypt:1  | Found a magical portal.
 46406 | WizLab   | Entered Iskenderun's Mystic Tower
 47217 | WizLab   | Identified the Folio of the Anticline and Electrocution
 47235 | WizLab   | Identified Iskenderun's Vellum of Percussion
 47235 | WizLab   | Identified Iskenderun's Quarto of Confrontation
 47606 | Crypt:1  | Found a transporter.
 47652 | Crypt:1  | Found a transporter.
 48251 | Crypt:2  | Reached skill level 5 in Armour
 49071 | Crypt:3  | Entered Level 3 of the Crypt
 49076 | Crypt:3  | Identified the staff of poison "Gimasch" {rPois rF+}
 49077 | Crypt:3  | Identified the Vellum of Clouds
 49722 | Crypt:3  | Reached XP level 23. HP: 143/194 MP: 41/47
 49893 | Crypt:3  | Found a staircase to the Tomb.
 50066 | Crypt:3  | Noticed a dread lich
 50105 | Crypt:3  | Killed a dread lich
 50178 | Crypt:3  | Noticed an ancient lich
 50182 | Crypt:3  | Killed an ancient lich
 50451 | Depths:1 | Entered Level 1 of the Depths
 50678 | Depths:1 | Reached skill level 10 in Armour
 51185 | Depths:1 | Found a one-way gate to the infinite horrors of the Abyss.
 51390 | Depths:1 | Found Big Baal Hell's Store.
 51395 | Depths:1 | Found a gateway to Hell.
 51919 | Depths:2 | Found a one-way gate leading to the halls of Pandemonium.
 52224 | Depths:2 | Found an iron altar of Okawaru.
 52602 | Depths:2 | Learned a level 8 spell: Lehudib's Crystal Spear
 53182 | Depths:3 | Reached skill level 22 in Conjurations
 53199 | Depths:3 | Found a one-way gateway to a ziggurat.
 53607 | Depths:3 | Reached XP level 24. HP: 204/204 MP: 35/48
 54385 | Depths:3 | Identified the +1 chain mail "Fujiu" {rF- rN++}
 54941 | Depths:4 | Entered Level 4 of the Depths
 55270 | Depths:4 | Reached skill level 23 in Conjurations
 55826 | Depths:4 | Found a gate to the Realm of Zot.
 56285 | Slime:1  | Entered Level 1 of the Pits of Slime
 57460 | Slime:5  | Entered Level 5 of the Pits of Slime
 57620 | Slime:5  | Noticed the Royal Jelly
 57622 | Slime:5  | Killed the Royal Jelly
 57623 | Slime:5  | Reached skill level 5 in Earth Magic
 57694 | Slime:5  | Reached XP level 25. HP: 197/210 MP: 48/48
 57808 | Slime:5  | Identified the Exposition on Vexing Calefaction
 57864 | Slime:5  | Identified the amulet "Siwuafie" {Regen+ Stlth+}
 57887 | Slime:5  | Identified the ring "Heluh" {rElec rF+ Will+ Str+6}
 57906 | Slime:5  | Identified Moquxoro's Omnibus of the Icicle
 57928 | Slime:5  | Identified the +6 shortbow of Use Ceoz {flame, rC++}
 57928 | Slime:5  | Identified the +1 ring mail of the Desolation of Salt {+Inv
                  | rF+ MP+9 Str+2}
 57942 | Slime:5  | Got a slimy rune of Zot
 58786 | Vaults:5 | Killed Mara
 59041 | Vaults:5 | Noticed an ancient lich
 59074 | Vaults:5 | Killed an ancient lich
 59206 | Vaults:5 | Identified the staff of fire "Luabeck" {rElec rF+ rC+
                  | Int+3}
 59214 | Vaults:5 | Acquired the Book of Injurious Production
 59241 | Vaults:5 | Identified Qyclu's Grimoire of Skeletons and the Wayfarer
 59345 | Vaults:5 | Got a silver rune of Zot
 59371 | Vaults:5 | Identified the Anthology of Position
 59381 | Vaults:5 | Identified the +1 cloak "Awneryit" {Rampage rF+ Int+2}
 59402 | Vaults:5 | Identified the staff of cold "Xerouth" {rC+ Will- Str+4
                  | SInv}
 59450 | Vaults:5 | Found Waihe's Antique Armour Shop.
 59450 | Vaults:5 | Identified the +0 plate armour "Cecenku" {Fly Will+}
 59453 | Vaults:5 | Identified the staff of death "Qeloet" {rN+ Will+ Str+2}
 59566 | Vaults:5 | Found Eteesch's Magic Scroll Emporium.
 59570 | Vaults:5 | Bought a scroll of teleportation for 57 gold pieces
 59570 | Vaults:5 | Bought a scroll of teleportation for 57 gold pieces
 59570 | Vaults:5 | Bought a scroll of acquirement for 988 gold pieces
 59570 | Vaults:5 | Acquired the +6 Majin-Bo {spellvamp, MP+6 Int+6}
 59570 | Vaults:5 | Found the +6 Majin-Bo {spellvamp, MP+6 Int+6}
 59656 | Vaults:5 | Found Adeqikh's Distillery.
 59673 | Vaults:5 | Found Hearphemo's General Store.
 59678 | Vaults:5 | Bought 2 scrolls of fear for 136 gold pieces
 59692 | Vaults:5 | Found Tuoj's Magic Scroll Shoppe.
 59697 | Vaults:5 | Bought a scroll of blinking for 75 gold pieces
 59697 | Vaults:5 | Bought a scroll of blinking for 75 gold pieces
 60137 | Zig:1    | Entered Level 1 of a ziggurat
 60151 | Zig:2    | Entered Level 2 of a ziggurat
 60172 | Zig:3    | Entered Level 3 of a ziggurat
 60213 | Zig:4    | Entered Level 4 of a ziggurat
 60215 | Zig:4    | Identified the +1 broad axe of Discomfort {antimagic, rN+
                  | Dex+3}
 60250 | Zig:5    | Entered Level 5 of a ziggurat
 60255 | Zig:5    | Identified the Spellbook of Collective Weather
 60276 | Zig:5    | Acquired 898 gold pieces
 60283 | Zig:6    | Entered Level 6 of a ziggurat
 60287 | Zig:6    | Identified the ring of the Past {rPois rF+}
 60287 | Zig:6    | Identified the +3 great mace of Ukodoesk {freeze, Str+4}
 60347 | Zig:7    | Entered Level 7 of a ziggurat
 60355 | Zig:7    | Identified the ring "Ymicaif" {Fire Int+4}
 60355 | Zig:7    | Identified the ring of Teghy {rElec Will+ Int+6}
 60358 | Zig:7    | Identified Raid's Almanac of Snowy Pestilence
 60426 | Zig:8    | Entered Level 8 of a ziggurat
 60432 | Zig:8    | Noticed a juggernaut
 60435 | Zig:8    | Identified the staff of cold "Nuasiz" {rC+ Int+6 Dex-5}
 60436 | Zig:8    | Killed a juggernaut
 60437 | Zig:8    | Identified the +7 halberd of Change {venom, Will- Dex+6
                  | SInv}
 60480 | Zig:9    | Entered Level 9 of a ziggurat
 60490 | Zig:9    | Noticed a shard shrike
 60490 | Zig:9    | Noticed a shard shrike
 60491 | Zig:9    | Identified the +3 leather armour "Mum Xuom" {Str+4 Int+2
                  | Stlth-}
 60492 | Zig:9    | Killed a shard shrike
 60493 | Zig:9    | Killed a shard shrike
 60498 | Zig:9    | Identified the +4 demon trident of Satyriasis {spect, rC-
                  | Str+6}
 60498 | Zig:9    | Identified the +8 arbalest of Eternal Vigilance {speed,
                  | Dex+2}
 60548 | Zig:10   | Entered Level 10 of a ziggurat
 60556 | Zig:10   | Identified the +4 short sword of the Endless March {flame,
                  | rC+ Int+2}
 60557 | Zig:10   | Identified the staff of conjuration "Hitapye" {rPois rF+
                  | Str+2 Int+3}
 60557 | Zig:10   | Identified the +4 battleaxe "Keoshrug" {spect, Fly Int+2
                  | Dex+3}
 60558 | Zig:10   | Noticed a Killer Klown
 60558 | Zig:10   | Noticed Healal the pandemonium lord
 60558 | Zig:10   | Identified the staff of fire "Ovelan" {rF+ rN+ Dex+3 SInv
                  | Stlth-}
 60558 | Zig:10   | Identified the staff of air "Girekk" {rElec rPois rF- MP+9
                  | Int-5}
 60559 | Zig:10   | Noticed a Killer Klown
 60559 | Zig:10   | Identified the +8 plate armour of Altruism {+Inv rF+ Will+
                  | Int+3}
 60561 | Zig:10   | Killed a Killer Klown
 60563 | Zig:10   | Killed a Killer Klown
 60565 | Zig:10   | Killed Healal the pandemonium lord
 60678 | Zig:11   | Entered Level 11 of a ziggurat
 60689 | Zig:11   | Identified the Folio of Kindling and Battling
 60689 | Zig:11   | Identified the +6 great sword "Qauj" {protect, rElec}
 60691 | Zig:11   | Reached XP level 26. HP: 222/222 MP: 30/54
 60692 | Zig:11   | Identified the staff of conjuration "Vitacif" {rPois rF+
                  | Int-5}
 60692 | Zig:11   | Identified the staff of death "Bavi" {rN+ Stlth+}
 60695 | Zig:11   | Identified the +1 morningstar of Distant Shores {heavy,
                  | Int+4 Stlth+}
 60767 | Zig:12   | Entered Level 12 of a ziggurat
 60777 | Zig:12   | Identified the -1 pair of boots "Bucidari" {Str+3}
 60778 | Zig:12   | Identified the +6 war axe of Kismet {flame, rElec Int+5}
 60780 | Zig:12   | Reached skill level 15 in Fighting
 60783 | Zig:12   | Found the +3 pair of seven-league boots {Rampage+∞}
 60865 | Zig:13   | Entered Level 13 of a ziggurat
 60890 | Zig:13   | Identified the staff of fire "Volako" {rF+ rN+ Str+7 Int-2}
 60982 | Zig:13   | Learned a level 9 spell: Polar Vortex
 61161 | Zig:14   | Entered Level 14 of a ziggurat
 61172 | Zig:14   | Noticed an ancient lich
 61173 | Zig:14   | Noticed an ancient lich
 61173 | Zig:14   | Noticed a dread lich
 61174 | Zig:14   | Noticed an ancient lich
 61175 | Zig:14   | Reached skill level 1 in Ice Magic
 61176 | Zig:14   | Killed an ancient lich
 61176 | Zig:14   | Killed an ancient lich
 61177 | Zig:14   | Reached skill level 5 in Ice Magic
 61177 | Zig:14   | Killed an ancient lich
 61178 | Zig:14   | Killed a dread lich
 61185 | Zig:14   | Noticed an ancient lich
 61187 | Zig:14   | Found the +4 skin of Zhor {*Englaciate rC+++ SInv}
 61187 | Zig:14   | Identified the staff of fire "Icyplazo" {rF+ Dex+8}
 61188 | Zig:14   | Identified the +5 spear "Dragonbane" {heavy, Fly}
 61188 | Zig:14   | Identified the Lectures on Bruises and the Syncline
 61190 | Zig:14   | Killed an ancient lich
 61191 | Zig:14   | Identified the +1 glaive of Wuomy {vamp, Fly rF+ rCorr}
 61191 | Zig:14   | Identified the +1 ring mail of the Trout {Harm Str+3}
 61280 | Zig:15   | Entered Level 15 of a ziggurat
 61308 | Zig:15   | Reached skill level 10 in Ice Magic
 61414 | Zig:15   | Identified the +6 falchion of Bloodstone {flame, rC+}
 61414 | Zig:15   | Identified the +2 broad axe of Modesty {freeze, rF+}
 61417 | Zig:15   | Identified the +9 dire flail "Wall" {speed, rElec rC+}
 61473 | Zig:16   | Entered Level 16 of a ziggurat
 61491 | Zig:16   | Identified the Grimoire of Lethal Poison
 61496 | Zig:16   | Identified the staff of cold "Muexoz" {rC+ Str+8}
 61497 | Zig:16   | Identified the +3 falchion of Nightmares {holy, SInv
                  | Stlth+}
 61497 | Zig:16   | Identified the +5 broad axe of Hepliaklqana {flame, *Slow
                  | rPois rC+ Int+3}
 61558 | Zig:17   | Entered Level 17 of a ziggurat
 61576 | Zig:17   | Identified the +8 triple crossbow "Nucusiy" {speed, Int+2}
 61576 | Zig:17   | Identified the +0 rapier "Mufre" {flame, Str+3 Int+3 Dex+3
                  | Stlth+}
 61582 | Zig:17   | Identified the +0 mace of Painful Death {flame, Int+3}
 61582 | Zig:17   | Identified the staff of poison "Dozirob" {rPois Int+5}
 61669 | Zig:18   | Entered Level 18 of a ziggurat
 61685 | Zig:18   | Noticed a juggernaut
 61686 | Zig:18   | Noticed a juggernaut
 61689 | Zig:18   | Killed a juggernaut
 61690 | Zig:18   | Reached XP level 27. HP: 212/233 MP: 42/54
 61692 | Zig:18   | Killed a juggernaut
 61812 | Zig:19   | Entered Level 19 of a ziggurat
 61838 | Zig:19   | Identified the scarf of the Shining One's Hope {+Inv, rPois
                  | rC+ rN+}
 61839 | Zig:19   | Identified the +6 broad axe "Memniaki" {pain, rF+}
 61839 | Zig:19   | Identified the +7 chain mail of Valiance {MP+9}
 61840 | Zig:19   | Identified the staff of death "Xaukieta" {rPois rN+ Will+
                  | Str+3}
 61841 | Zig:19   | Identified the ring of Uqo Poa {Wiz rPois Str+3 Dex+3}
 61841 | Zig:19   | Identified the ring "Xamuah" {Fly rCorr Dex+2}
 61977 | Zig:19   | Learned a level 9 spell: Chain Lightning
 61992 | Zig:20   | Entered Level 20 of a ziggurat
 62006 | Zig:20   | Noticed a juggernaut
 62009 | Zig:20   | Noticed a juggernaut
 62010 | Zig:20   | Reached skill level 15 in Ice Magic
 62011 | Zig:20   | Noticed a juggernaut
 62014 | Zig:20   | Killed a juggernaut
 62017 | Zig:20   | Killed a juggernaut
 62017 | Zig:20   | Killed a juggernaut
 62038 | Zig:20   | Identified the +2 leather armour "Torakhi" {rF+ Dex+3}
 62038 | Zig:20   | Identified The Lost Secrets of Wizarding
 62039 | Zig:20   | Identified Keritule's Guide on the Sandy Excursion
 62041 | Zig:20   | Identified the ring of Oschiwn {Ice Will+}
 62066 | Zig:20   | Acquired a manual of Fighting
 62277 | Zig:21   | Entered Level 21 of a ziggurat
 62290 | Zig:21   | Noticed Hiump the pandemonium lord
 62292 | Zig:21   | Noticed Urairr the pandemonium lord
 62292 | Zig:21   | Noticed Kuroyx the pandemonium lord
 62293 | Zig:21   | Noticed Dugy the pandemonium lord
 62293 | Zig:21   | Noticed Erhuciw the pandemonium lord
 62297 | Zig:21   | Killed Urairr the pandemonium lord
 62297 | Zig:21   | Noticed Cyulull the pandemonium lord
 62298 | Zig:21   | Noticed Vahaz the pandemonium lord
 62299 | Zig:21   | Killed Erhuciw the pandemonium lord
 62299 | Zig:21   | Killed Hiump the pandemonium lord
 62299 | Zig:21   | Killed Kuroyx the pandemonium lord
 62336 | Zig:21   | Identified the +2 morningstar of Idghinesm {spect, rPois
                  | SInv}
 62336 | Zig:21   | Identified Heluoxu's Catalogue of the Assistive
                  | Cumulonimbus
 62337 | Zig:21   | Identified the staff of poison "Monerac" {rPois rC+ Str+4}
 62338 | Zig:21   | Identified Sif Muna's Omnibus of the Gestalt
 62338 | Zig:21   | Identified the +5 sling "Qottetom" {speed, Drain rPois
                  | Str+6}
 62339 | Zig:21   | Identified the +10 rapier of Trial by Ordeal {heavy, Str+2
                  | Int-4 Dex+4}
 62339 | Zig:21   | Found the +8 autumn katana {manifold assault}
 62339 | Zig:21   | Identified the +11 long sword "Qeoran" {heavy, rN+ Will+}
 62352 | Zig:22   | Entered Level 22 of a ziggurat
 62746 | Zig:22   | Identified Sif Muna's Treatise on the Nimbus and
                  | Obstruction
 62747 | Zig:22   | Identified the +6 halberd "Nueporch" {drain, *Corrode rElec
                  | rF+ rN+}
 62747 | Zig:22   | Identified the +1 chain mail of Agoraphobia {rC+++ rN+
                  | Will+ Dex-4}
 62748 | Zig:22   | Identified the +3 great sword of Defiance {elec, *Rage
                  | rElec Str+2 Int+2}
 62789 | Zig:23   | Entered Level 23 of a ziggurat
 62815 | Zig:23   | Reached skill level 10 in Shields
 62890 | Zig:23   | Identified the +6 bardiche "Uriozxy" {flame, rN+ Str+3
                  | Dex+3}
 62891 | Zig:23   | Identified the amulet "Ichuguy" {RegenMP Int+2}
 62892 | Zig:23   | Identified the ring of Zeecayr {AC+4 Dex+2}
 62893 | Zig:23   | Identified the +7 shortbow of Ointment {freeze, rC++}
 62893 | Zig:23   | Identified the +7 flail of Distraction {flame, rN+ Str+2}
 62893 | Zig:23   | Identified the +3 lajatang of Terra Cotta {flame, rCorr
                  | Dex+2}
 62988 | Zig:24   | Entered Level 24 of a ziggurat
 63119 | Zig:24   | Identified the ring of Doors {Str+6 Dex-2 Slay+2 SInv}
 63120 | Zig:24   | Identified the ring "Vonloid" {rF+ Will+ Str+3}
 63127 | Zig:24   | Identified the staff of fire "Jusen" {rF+ rC+ Will+ Dex+5
                  | Stlth+}
 63138 | Zig:24   | Identified the staff of conjuration "Helliz" {Fragile rPois
                  | rN+ Dex+6}
 63139 | Zig:24   | Identified The Arcane Secrets of Sorcery
 63332 | Zig:25   | Entered Level 25 of a ziggurat
 63652 | Zig:25   | Identified the staff of death "Oveihu Ecef" {rN+ Will+
                  | Str+2 Int+3}
 63652 | Zig:25   | Identified the +5 scale mail of the Earth {Rampage rF+
                  | Str+4}
 63654 | Zig:25   | Found the +8 longbow "Zephyr" {speed, Dex+3 SInv}
 63682 | Zig:26   | Entered Level 26 of a ziggurat
 63723 | Zig:26   | HP: 4/245 [Executioner (17)]
 63730 | Zig:26   | HP: 1/245 [Executioner (2)]
 63730 | Zig:26   | Mangled by an Executioner

Illustrated notes

Levels and vault maps discovered:
D:1:      wheals_arrival_linesprint, layout_basic, st_stairs_11,
          nicolae_concentric_dashed_squares_wild
D:2:      layout_loops_ring, nicolae_ecumenical_snake_handling
D:3:      gammafunk_wand_slinger, layout_basic,
          nicolae_overflow_hallway_of_the_gods, mainiacjoe_overflow_big_doors,
          uniq_ijyb
D:4:      layout_basic, serial_park_tiny_2, hex_large, item_on_display_a
D:5:      layout_loops_corners, tso_oasis_becter,
          minmay_temple_entry_large_hall, uniq_prince_ribbit1
D:6:      minmay_recursive_quarters, layout_rooms, biasface_ghost_orc_armoury,
          gup_ossuary_entry_pyramid, serial_glass, glass_columns_b,
          glass_columns_a, nicolae_wooded_promenade
D:7:      kennysheep_seaside_town, layout_basic, enter_bailey_4,
          nicolae_water_bricks, st_stairs_11
D:8:      layout_basic, uniq_pikel
D:9:      kennysheep_six_static_rooms, layout_loops_ring,
          mainiacjoe_overflow_24_doors, nzn_hepliaklqana_mist_gate,
          serial_shops, shop_fountains
D:10:     layout_basic, nemelex_diamond_rough_becter, serial_ice, serial_ice_l,
          serial_ice_d, serial_ice_o, serial_ice_g, serial_ice_h, serial_ice_e,
          serial_ice_a, serial_ice_f, serial_shops,
          nicolae_shop_bloodbath_and_beyond
D:11:     layout_rooms
D:12:     minmay_blocky_corners, layout_cave_pools, uniq_snorg
D:13:     layout_rooms, grunt_decor_fettered
D:14:     minmay_bad_star, layout_gridville, david_vaults_2, serial_shops,
          kennysheep_little_box, nicolae_elevator_lobby_asterisk
D:15:     grunt_enter_depths_giant_problem, layout_basic, hex_medium,
          dreamdust_wishing_well, nicolae_qazlal_general_emergency, uniq_nessos,
          uniq_azrael
Lair:1:   layout_cave_pods, uniq_harold
Lair:2:   beast_lair_carwin_large_1, layout_cave_pods,
          minmay_swamp_entry_reptiles, hellmonk_spider_entry_life_and_decay
Lair:3:   layout_gridlike, serial_bayou_shore_a, grunt_megastairs_1,
          infiniplex_staircase_pool_2, lemuel_fruit_tree
Lair:4:   layout_gridlike, nicolae_slime_entry_field_trip
Lair:5:   hangedman_lair_tendril_chambers, layout_layer_cave,
          hangedman_lair_caniforms_friends
Swamp:1:  layout_basic_swamp, evilmike_swamp_ruin_rubble_2, uniq_jorgrun
Swamp:2:  layout_basic_swamp, evilmike_swamp_ruin_house_5, swamp_pool4,
          nicolae_swamp_trees_clearing
Swamp:3:  layout_basic_swamp, evilmike_swamp_ruin_house_3, uniq_louise
Swamp:4:  swamp_old_school, layout_basic_swamp, uniq_mlioglotl
Spider:1: layout_spider_delve, drop_trap, uniq_aizul, uniq_rupert
Spider:2: layout_spider_delve
Spider:3: spiders_nest_scorpion_pit, uniq_nikola
Spider:4: grunt_spider_rune_parallel, uniq_arachne
Slime:1:  layout_caves
Slime:2:  layout_caves
Slime:3:  layout_caves
Slime:4:  layout_caves, nicolae_slime_barrier
Slime:5
Orc:1:    cheibrodos_orc_arena, layout_caves,
          portal_ice_cave_entry_animals_and_master, basic_altar, uniq_erolcha,
          uniq_nergalle
Orc:2:    st_orc_town, layout_caves, sword_in_stone, uniq_josephine
Elf:1:    minmay_elf_arrival_circle, layout_geoelf_octagon, minivault_28,
          uniq_asterion
Elf:2:    elven_hall_of_blades_hangedman_original
          [nicolae_blade_entry_area_security], layout_gridlike,
          hangedman_research_electronics
Elf:3:    minmay_elf_hall_spiked, layout_loops_ring, hellmonk_bongcloud_opening
Vaults:1: nicolae_vaults_variable_pillar_hall_cross, nicolae_vaults_apartment_2,
          nicolae_vaults_meiosis, v_rooms_6, nicolae_vaults_tetromino_T_2,
          layout_vaults_chaotic_city, serial_shops, shop
Vaults:2: v_misc_33, minmay_crypt_entry_simple_corners, hangedman_vaults_corner,
          hangedman_vaults_corner_blocks, nicolae_vaults_shipping_containers_1,
          grunt_vaults_hallway_long, nicolae_vaults_double_plus_1,
          vaults_room_corners, layout_vaults_ring
Vaults:3: ebering_ghost_rock_garden, hangedman_vaults_stagger,
          nicolae_vaults_little_squares_6, nicolae_vaults_circle_grid_b,
          vaults_mumra_hex, nicolae_vaults_security_offices_1,
          nicolae_vaults_little_squares_1, layout_vaults_omnigrid, serial_shops,
          shop, nicolae_shop_tiny_statue_garden, shop,
          nicolae_shop_temple_entry_statues_fountains, shop_fountains
Vaults:4: v_pattern_4, nicolae_vaults_six-pack, hangedman_vaults_unwind,
          hangedman_vaults_stretched_pinwheel, nicolae_vaults_six-pack,
          st_smaller_cells, hangedman_vaults_slice, ontoclasm_vaults_chip,
          v_misc_16, vaults_dpeg_hooks, ontoclasm_vaults_ring_large,
          ontoclasm_vaults_tryst, nicolae_vaults_tetromino_T_1,
          nicolae_vaults_trapezoid_4, layout_vaults_maze, uniq_frederick,
          uniq_xtahua
Vaults:5: serial_shops, uniq_mara, uniq_saint_roka
Crypt:1:  gammafunk_sealed_arena, layout_misc_corridors,
          infiniplex_enter_wizlab_spiral, feat_on_display
Crypt:2:  layout_chaotic_city, serial_sigils, serial_sigils_hangedman_shear,
          serial_sigils_hangedman_scar, serial_sigils_hangedman_carve,
          serial_sigils_hangedman_stare, serial_sigils_hangedman_gut,
          st_stairs_1
Crypt:3:  david_glass_crypt, layout_chaotic_city,
          nicolae_tomb_entry_unfolded_pyramid_orthogonal
Depths:1: layout_cave_pools, nicolae_hell_entry_big_baal_hell, abyss_entry,
          kennysheep_crisscross, kennysheep_kite_vault
Depths:2: kennysheep_large_spiral, layout_gridlike, grunt_pan_entry_sceptre,
          nicolae_sextant, pf_coc_iceberg, kennysheep_okawaru_gauntlet
Depths:3: minmay_box_of_statues, layout_gridville, enter_ziggurat_f,
          nicolae_hell_entry_hellmouth_sunbeams, grunt_decor_one_mirror,
          abyss_entry, pan_entry, onia_ninara_cookie,
          infiniplex_staircase_pillars_1, uniq_josephina
Depths:4: grunt_twist_and_shout, layout_cave_shapes, hell_entry,
          rand_demon_pan_entry_4
Zig:26

Skill      XL: |  1  2  3  4  5  6  7  8  9 10 11 12 13 14 15 16 17 18 19 20 21 22 23 24 25 26 27 |
---------------+----------------------------------------------------------------------------------+-----
Necromancy     | 1 2 3 |  3.0
Maces & Flails | 3 4 |  4.4
Conjurations   | 3 4 5 6 8 10 11 13 14 16 19 20 21 22 23 | 23.8
Translocations | 1 |  1.6
Fire Magic     | 3 5 7 9 10 12 14 17 18 19 | 19.7
Spellcasting   | 6 9 11 15 16 21 | 21.6
Fighting       | 6 9 14 16 20 | 20.7
Shields        | 3 14 | 14.9
Dodging        | 7 |  7.2
Evocations     | 5 |  5.1
Air Magic      | 6 7 |  7.8
Armour         | 4 8 12 13 | 13.2
Earth Magic    | 3 5 7 |  7.7
Staves         | 3 4 |  4.1
Ice Magic      | 13 15 | 15.9

Action                     |  1- 3 |  4- 6 |  7- 9 | 10-12 | 13-15 | 16-18 | 19-21 | 22-24 | 25-27 || total
---------------------------+-------+-------+-------+-------+-------+-------+-------+-------+-------++-------
  Melee: Mace              |   118 |    98 |       |       |       |       |       |       |       ||   216
         Flail             |       |   184 |   246 |       |       |       |       |       |       ||   430
         Staff             |       |       |    42 |   114 |   306 |   233 |   101 |   140 |   177 ||  1113
   Cast: Kiss of Death     |       |     7 |     6 |     2 |       |       |       |       |       ||    15
         Foxfire           |       |       |   270 |   184 |       |       |       |       |       ||   454
         Momentum Strike   |       |       |     2 |       |     1 |       |       |       |       ||     3
         Fireball          |       |       |       |   137 |     9 |     1 |       |       |       ||   147
         Starburst         |       |       |       |    18 |   294 |   463 |   288 |    75 |     1 ||  1139
         Plasma Beam       |       |       |       |       |     7 |    14 |     7 |    15 |       ||    43
         Lee's Rapid Decon |       |       |       |       |       |       |    10 |    23 |     2 ||    35
         Fire Storm        |       |       |       |       |       |       |    86 |   366 |    78 ||   530
         Ignition          |       |       |       |       |       |       |     1 |    33 |   118 ||   152
         Lehudib's Crystal |       |       |       |       |       |       |       |    22 |    27 ||    49
 Invoke: Curse Item        |       |       |     1 |     5 |     4 |     2 |       |     1 |     1 ||    14
         Shatter the Chain |       |       |       |       |       |     2 |       |     1 |     2 ||     5
  Evoke: Wand              |       |     4 |       |     3 |    40 |     1 |     4 |     4 |     1 ||    57
         Phantom mirror    |       |       |       |       |       |     1 |       |       |     1 ||     2
    Use: Scroll            |       |    10 |     4 |     8 |     7 |     9 |    12 |     2 |    17 ||    69
   Stab: Sleeping          |       |       |     1 |       |       |       |     1 |       |       ||     2
         Petrified         |       |       |       |       |     3 |       |       |       |       ||     3
         Paralysed         |       |       |       |       |    15 |       |       |       |       ||    15
 Armour: Leather armour    |    43 |   115 |   188 |   107 |   202 |   257 |    92 |    19 |       ||  1023
         Fire dragon scale |       |       |       |       |       |       |       |   105 |   258 ||   363
  Dodge: Dodged            |    92 |   238 |   225 |   169 |   381 |   726 |   361 |   219 |   351 ||  2762
  Block: Buckler           |    12 |    55 |   115 |    93 |   195 |   292 |   125 |    98 |   176 ||  1161
